 Dungeon Crawl Stone Soup version 0.28.0-53-g5a82cb258f (webtiles) character file.

Game seed: 7422514352039568108

138702 cbfl8 the Warrior (level 16, 0/162 HPs)
             Began as a Minotaur Berserker on July 16, 2022.
             Was a High Priest of Trog.
             Killed from afar by a nagaraja (17 damage)
             ... with a bolt of poison
             ... on level 2 of the Snake Pit.
             The game lasted 01:01:32 (27369 turns).

cbfl8 the Warrior (Minotaur Berserker)             Turns: 27369, Time: 01:01:32

Health: 0/162      AC: 32    Str: 25    XL:     16   Next: 71%
Magic:  23/24      EV: 11    Int: 17    God:    Trog [*****.]
Gold:   2093       SH: 13    Dex: 18    Spells: 15/15 levels left

rFire   + . .      SeeInvis .   U - +9 broad axe "Eggorrum" {flame, rElec rC+ Str+3}
rCold   + + .      Faith    .   V - +0 kite shield {rC+}
rNeg    + . .      Spirit   .   i - +8 chain mail "Xukiug" {rF+ MP+9 Stlth+}
rPois   .          Reflect  .   Y - +2 hat
rElec   +          Harm     .   s - +2 cloak
rCorr   .          Rampage  .   F - +0 pair of gloves
Will    ++...                   z - +2 pair of boots
Stlth   ..........              l - amulet of regeneration
HPRegen 1.17/turn               A - ring "Ydwof" {Wiz Int+6}
MPRegen 0.19/turn               G - ring "Cetar" {Drain +Blink rN+ Will+ Int+7}

@: lethally poisoned (0 -> -7), weakened, on berserk cooldown, on blink
cooldown, slowed, very slow
A: horns 2, retaliatory headbutt
a: Renounce Religion, Evoke Blink, Berserk, Trog's Hand, Brothers in Arms


You were on level 2 of the Snake Pit.
You worshipped Trog.
Trog was extremely pleased with you.
You visited 5 branches of the dungeon, and saw 26 of its levels.
You also visited: Ossuary, Bailey and Ice Cave.

You collected 2497 gold pieces.
You spent 404 gold pieces at shops.

Inventory:

Hand Weapons
 q - a +2 antimagic broad axe
 U - the +9 broad axe "Eggorrum" (weapon) {flame, rElec rC+ Str+3}
   (Trog gifted it to you in an ice cave)

   It burns those it strikes, dealing additional fire damage.
   Big, fiery blades are also staple armaments of hydra-hunters.
   Str:       It affects your strength (+3).
   rC:        It protects you from cold.
   rElec:     It insulates you from electricity.
Missiles
 N - 8 throwing nets (quivered)
Armour
 i - the +8 chain mail "Xukiug" (worn) {rF+ MP+9 Stlth+}
   (You found it on level 2 of the Dungeon)

   rF:        It protects you from fire.
   MP:        It affects your magic capacity (+9).
   Stlth:     It makes you more stealthy.
 s - a +2 cloak (worn)
 z - a +2 pair of boots (worn)
 F - a +0 pair of gloves (worn)
 V - a +0 kite shield of cold resistance (worn)
 Y - a +2 hat (worn)
Jewellery
 a - a ring of see invisible
 k - a ring of ice
 l - an amulet of regeneration (around neck)
 A - the ring "Ydwof" (left hand) {Wiz Int+6}
   (You found it on level 13 of the Dungeon)

   [ring of wizardry]

   It improves your spell success rate.
   Int:       It affects your intelligence (+6).
 G - the ring "Cetar" (right hand) {Drain +Blink rN+ Will+ Int+7}
   (You found it on level 6 of the Lair of Beasts)

   [ring of willpower]

   Int:       It affects your intelligence (+7).
   rN:        It protects you from negative energy.
   +Blink:    It lets you blink.
   Drain:     It drains your maximum health when unequipped.
   Will:      It increases your willpower.
Wands
 b - a wand of flame (42)
 d - a wand of mindburst (5)
 u - a wand of acid (6)
 w - a wand of charming (17)
 B - a wand of digging (7)
 E - a wand of iceblast (51)
 H - a wand of paralysis (4)
 I - a wand of polymorph (6)
Scrolls
 e - 2 scrolls of magic mapping
 f - a scroll of brand weapon
 g - 2 scrolls of blinking
 h - 5 scrolls of enchant weapon
 j - 3 scrolls of silence
 n - 11 scrolls of teleportation
 p - 7 scrolls of fog
 r - 5 scrolls of immolation
 v - 7 scrolls of fear
 y - a scroll of enchant armour
 C - a scroll of noise
 L - 3 scrolls of identify
 Q - a scroll of summoning {unknown}
 R - 3 scrolls of acquirement {unknown}
 Z - 2 scrolls of amnesia {unknown}
Potions
 c - 2 potions of resistance
 o - 3 potions of invisibility
 t - a potion of lignification {unknown}
 x - 2 potions of flight {unknown}
 D - 3 potions of might {unknown}
 K - 2 potions of berserk rage
 M - 6 potions of curing
 O - 2 potions of cancellation {unknown}
 P - 2 potions of haste {unknown}
 T - a potion of magic {unknown}
 W - a potion of ambrosia {unknown}
Miscellaneous
 J - a phial of floods
 S - a piece from Xom's chessboard (15/15)
 X - a condenser vane


   Skills:
 - Level 20.0 Fighting
 - Level 18.0 Axes
 + Level 14.3 Armour
 + Level 7.1 Dodging
 + Level 1.5 Stealth
 + Level 13.1 Shields
 + Level 0.4 Unarmed Combat
 * Level 11.7 Evocations


You had 15 spell levels left.
You didn't know any spells.
Your spell library was empty.

Dungeon Overview and Level Annotations

Branches:
Dungeon (15/15)            Temple (0/1) D:5            Lair (6/6) D:9
  Swamp (1/4) Lair:2        Snake (2/4) Lair:2        Slime (0/5) Lair:6
    Orc (2/2) D:9             Elf (0/3) Orc:2        Vaults (0/5) D:13
 Depths (0/4) D:15        Ossuary (visited)          Bailey (visited)
  IceCv (visited)

Altars:
Ashenzari
Cheibriados
Dithmenos
Elyvilon
Fedhas
Gozag
Qazlal
Sif Muna
Trog
Uskayaw
Yredelemnul
The Shining One
Beogh
Jiyva

Shops:
D:2 :   D:5 [   Orc:1 !   Orc:2 ?((!   Snake:1 ((

Annotations:
D:6 3 runed translucent doors, tizbic2's ghost, novice OgSu
D:10 2 transporters, nickcage's ghost, journeyman DECj
D:12 3 runed translucent doors, cbfl8's ghost, journeyman MiBe


Innate Abilities, Weirdness & Mutations

You have a pair of horns on your head.
You reflexively headbutt those who attack you in melee.


Message History

The nagaraja closely misses you. You furiously retaliate!
You headbutt the nagaraja, but do no damage.
The nagaraja constricts you.
The nagaraja gestures at you while chanting.
You resist with significant effort. The nagaraja constricts you.
You hit the nagaraja. You burn the nagaraja.
The nagaraja is lightly wounded.
You feel extremely sick.
The nagaraja points at you and mumbles some strange words.
The bolt of poison hits you but does no damage.
You are lethally poisoned!
The nagaraja constricts you. The nagaraja hits you with a +0 spear!
* * * LOW HITPOINT WARNING * * *
The nagaraja constricts you.
You feel much better.
You feel extremely sick. The nagaraja hits you with a +0 spear!
* * * LOW HITPOINT WARNING * * *
The nagaraja constricts you.
* * * LOW HITPOINT WARNING * * *
The nagaraja spits poison at you. You block the splash of poison.
The nagaraja constricts you.
* * * LOW HITPOINT WARNING * * *
You escape the nagaraja's grasp.
You blink.
A guardian serpent, a naga warrior and a naga come into view.
* * * LOW HITPOINT WARNING * * *
You feel extremely sick.
The guardian serpent shouts!
The naga warrior shouts!
You hear a shout!
The naga warrior roars a battlecry!
The naga goes into a battle-frenzy!
A naga comes into view. It is wielding a +0 war axe.
A naga comes into view. It is wielding a +0 short sword.
You hear an angry hiss.
You hear a shout!
Okay, then.
You feel better.
The naga shouts!
You hear a shout!
The nagaraja casts a spell at you. The bolt of poison hits you!
You are poisoned.
You die...

....$.......#....#
.N...N..(......#....
N....N....)))..#
...(.......†..##
.....P.P.......##
...S........#..###
#...(...P.......#
#................
##@....(..#.....(
#........##......
#.##N...## #.....
###.##..## #..#.
##<##..§#..# ##..
#...###.###..# ..
#.8.# #.# ..# #...#
#.# .# ##.)###.# ..


You could see a naga warrior, a nagaraja (fast, catching breath), a guardian
serpent and 3 nagas.

Vanquished Creatures
  Kirke (Lair:6)
  A frost giant (D:15)
  2 orc warlords (Orc:2)
  The ghost of quixfox the Severer, a journeyman HOFi of the Shining One (Lair:4)
  A reaper (IceCv)
  Nessos (Lair:6)
  3 dire elephants (Lair:6)
  11 hydras
  Harold (D:9)
  A salamander tyrant (Snake:2)
  4 vault guards (D:13)
  Erolcha (Orc:1)
  3 boulder beetles
  A death knight (D:15)
  4 anacondas (Snake:1)
  7 centaur warriors
  10 two-headed ogres
  4 tengu warriors
  13 death yaks
  2 naga sharpshooters (Snake:1)
  4 shock serpents (Snake:1)
  Urug (Lair:6)
  4 orc high priests (Orc:2)
  A spectral death yak (Lair:6)
  A skeletal warrior (D:14)
  A sixfirhy (D:14)
  Nergalle (Orc:1)
  A salamander mystic (Snake:1)
  A spectral anaconda (Lair:6)
  A spriggan druid (Swamp:1)
  An obsidian statue (Lair:6)
  3 necromancers (Lair:6)
  A bog body (Lair:2)
  3 naga ritualists (Snake:1)
  5 orc knights
  Pikel (D:4)
  A deep elf pyromancer (D:8)
  A lindwurm (Lair:4)
  5 mana vipers
  6 salamanders
  4 orc sorcerers (Orc:2)
  9 ugly things
  3 cyclopes
  Maurice (D:9)
  A dire elephant zombie (Lair:6)
  22 elephants
  An ice statue (IceCv)
  16 black mambas
  5 naga magi
  Joseph (D:9)
  2 guardian serpents (Snake:1)
  12 cane toads
  A gargoyle (D:14)
  A torpor snail (Lair:6)
  Psyche (D:8)
  A dire elephant skeleton (Lair:6)
  Maggie (D:6)
  A rime drake (Lair:5)
  2 freezing wraiths
  A tengu conjurer (D:12)
  4 anaconda simulacra (IceCv)
  8 komodo dragons
  3 polar bears
  3 meliai (D:14)
  3 trolls
  A tyrant leech (Swamp:1)
  Grinder (D:4)
  Prince Ribbit (D:6)
  A wind drake (shapeshifter) (D:13)
  3 slime creatures (D:13)
  12 blink frogs
  A hornet (D:9)
  A spectral elephant (Lair:6)
  15 dream sheep (Lair:5)
  A centaur simulacrum (D:14)
  2 shadows
  Sigmund (D:6)
  2 vampires
  3 wraiths
  A dire elephant simulacrum (Lair:6)
  2 wyverns
  39 yaks
  9 basilisks
  Grum (Bailey)
  2 vampire mosquitoes (D:13)
  A steam dragon (Lair:5)
  4 death yak simulacra
  A redback simulacrum (D:15)
  Menkaure (D:7)
  14 nagas
  3 harpy simulacra (IceCv)
  3 spectral cane toads (Lair:6)
  3 wargs (Orc:2)
  2 swamp worms (Lair:2)
  3 acid dragons
  Edmund (D:4)
  14 water moccasins
  3 ice beasts
  A sky beast (D:6)
  44 orc warriors
  A hornet zombie (D:7)
  4 black bears
  2 elephant zombies (Lair:6)
  An elephant skeleton (Lair:6)
  16 centaurs
  25 wolves
  18 ogres
  A kobold brigand (D:9)
  3 phantoms
  4 scorpions
  A wyvern zombie (D:7)
  13 bullfrogs
  9 gnoll sergeants
  4 cane toad simulacra
  5 two-headed ogre simulacra (IceCv)
  2 water moccasin zombies
  A wyvern skeleton (D:7)
  2 water moccasin skeletons
  11 killer bees
  2 elephant simulacra (IceCv)
  6 howler monkeys
  3 electric eels
  11 centaur zombies
  2 jellies
  3 hounds
  33 orc priests
  Crazy Yiuf (D:5)
  A bullfrog skeleton (D:6)
  6 gnoll shamans
  An iguana (D:5)
  19 orc wizards
  Ijyb (D:5)
  4 polar bear simulacra (IceCv)
  11 hell rats
  4 troll simulacra (IceCv)
  6 spriggan simulacra (IceCv)
  2 mummies
  3 howler monkey zombies
  Robin (D:4)
  26 gnolls
  9 naga simulacra (IceCv)
  9 adders
  8 white imps
  3 ufetubi (IceCv)
  2 worms
  6 dart slugs
  109 orcs
  6 endoplasms
  8 giant cockroaches
  18 goblins
  14 hobgoblins
  2 jackals (D:2)
  6 quokkas
  9 ball pythons
  4 bats
  4 frilled lizards
  2 gnoll skeletons (Ossuary)
  11 kobolds
  7 kobold skeletons (Ossuary)
  16 orc skeletons (Ossuary)
  4 rats
  2 butterflies (Lair:3)
947 creatures vanquished.

Vanquished Creatures (collateral kills)
  2 goliath frogs (Swamp:1)
  A flayed ghost (D:15)
  A troll (Orc:2)
  A naga (Snake:1)
  An orc warrior (Orc:2)
6 creatures vanquished.

Vanquished Creatures (others)
  A necromancer (Lair:6)
  3 humans (Lair:6)
  74 fungi
  83 plants
  27 withered plants (Lair:6)
188 creatures vanquished.

Grand Total: 1141 creatures vanquished

Notes
Turn   | Place    | Note
-------+----------+-------------------------------------------
     0 | D:1      | cbfl8 the Minotaur Berserker began the quest for the Orb.
     0 | D:1      | Reached XP level 1. HP: 19/19 MP: 0/0
   131 | D:1      | Found a faded altar of an unknown god.
   149 | D:1      | Reached XP level 2. HP: 16/27 MP: 1/1
   160 | D:1      | Reached skill level 4 in Fighting
  1134 | D:2      | Reached XP level 3. HP: 33/33 MP: 2/2
  1166 | D:2      | Found Cyagoh's Book Boutique.
  1364 | D:2      | Reached ** piety under Trog
  1367 | D:2      | Identified the +8 chain mail "Xukiug" {rF+ MP+9 Stlth+}
  1511 | D:2      | Reached XP level 4. HP: 41/41 MP: 3/3
  2510 | D:3      | Reached skill level 5 in Fighting
  2643 | D:3      | Reached XP level 5. HP: 36/48 MP: 4/4
  3390 | D:4      | Noticed Grinder
  3394 | D:4      | Paralysed by Grinder for 2 turns
  3398 | D:4      | Paralysed by Grinder for 3 turns
  3420 | D:4      | Reached skill level 5 in Axes
  3420 | D:4      | Reached skill level 5 in Armour
  3420 | D:4      | Reached XP level 6. HP: 52/56 MP: 5/5
  3441 | D:4      | Killed Grinder
  3625 | D:4      | Reached skill level 6 in Fighting
  3636 | D:4      | Noticed Robin
  3652 | D:4      | Killed Robin
  3653 | D:4      | Reached XP level 7. HP: 63/63 MP: 6/6
  3915 | D:4      | Reached *** piety under Trog
  3978 | D:4      | Noticed Pikel
  3991 | D:4      | Killed Pikel
  3992 | D:4      | Reached skill level 7 in Fighting
  3992 | D:4      | Reached skill level 1 in Evocations
  3992 | D:4      | Reached XP level 8. HP: 49/73 MP: 7/7
  4160 | D:4      | Noticed Edmund
  4174 | D:4      | Killed Edmund
  4348 | D:5      | Entered Level 5 of the Dungeon
  4360 | D:5      | Found a sand-covered staircase.
  4373 | Ossuary  | Entered an ossuary
  4633 | D:5      | Found a staircase to the Ecumenical Temple.
  4641 | D:5      | Reached skill level 8 in Fighting
  4677 | D:5      | Noticed Ijyb
  4687 | D:5      | Killed Ijyb
  4744 | D:5      | Found a hide-covered altar of Uskayaw.
  4749 | D:5      | Found Sutwih's Armour Shop.
  4776 | D:5      | Bought a +0 kite shield for 67 gold pieces
  4781 | D:5      | Found a snail-covered altar of Cheibriados.
  4851 | D:5      | Reached **** piety under Trog
  4968 | D:5      | Found a runed translucent door.
  4969 | D:5      | Noticed Crazy Yiuf
  5167 | D:5      | Killed Crazy Yiuf
  5168 | D:5      | Reached XP level 9. HP: 81/81 MP: 8/8
  5469 | D:6      | Reached skill level 1 in Shields
  5575 | D:6      | Noticed Sigmund
  5576 | D:6      | Found a bloodstained altar of Trog.
  5588 | D:6      | Killed Sigmund
  5723 | D:6      | Noticed Maggie
  5729 | D:6      | Killed Maggie
  5730 | D:6      | Reached skill level 9 in Fighting
  5961 | D:6      | Found a runed translucent gate.
  5962 | D:6      | Found a runed translucent gate.
  5962 | D:6      | Noticed tizbic2's ghost (novice OgSu)
  5963 | D:6      | Found a runed translucent gate.
  5969 | D:6      | Noticed Prince Ribbit
  5982 | D:6      | Killed Prince Ribbit
  5983 | D:6      | Reached skill level 10 in Axes
  6433 | D:7      | Found a glowing golden altar of the Shining One.
  6507 | D:7      | Reached XP level 10. HP: 92/92 MP: 9/9
  6608 | D:7      | Found a blossoming altar of Fedhas.
  6609 | D:7      | Found an opulent altar of Gozag.
  6726 | D:7      | Noticed Menkaure
  6732 | D:7      | Killed Menkaure
  6854 | D:7      | Found a shadowy altar of Dithmenos.
  6891 | D:7      | Reached skill level 10 in Fighting
  6983 | D:7      | Found a basalt altar of Yredelemnul.
  7156 | D:8      | Reached ***** piety under Trog
  7383 | D:8      | Found a shimmering blue altar of Sif Muna.
  7594 | D:8      | Noticed Psyche
  7613 | D:8      | HP: 4/91 [something/chain of chaos (4)]
  7894 | D:8      | Killed Psyche
  7943 | D:8      | Noticed a deep elf pyromancer
  7951 | D:8      | Killed a deep elf pyromancer
  8283 | D:9      | Paralysed by a hornet for 3 turns
  8385 | D:9      | Reached skill level 5 in Evocations
  8395 | D:9      | Noticed Joseph
  8415 | D:9      | Killed Joseph
  8422 | D:9      | Found a staircase to the Lair.
  8566 | D:9      | Noticed Maurice
  8574 | D:9      | Killed Maurice
  8641 | D:9      | Found a staircase to the Orcish Mines.
  8760 | D:9      | Reached XP level 11. HP: 101/101 MP: 10/10
  8869 | D:9      | Noticed Harold
  8879 | D:9      | Killed Harold
  8880 | D:9      | Reached skill level 11 in Fighting
  8932 | D:9      | Found a stormy altar of Qazlal.
  9114 | D:10     | Entered Level 10 of the Dungeon
  9135 | D:10     | Reached skill level 5 in Shields
  9324 | D:10     | Found a bloodstained altar of Trog.
  9324 | D:10     | Noticed nickcage's ghost (journeyman DECj)
  9330 | D:10     | Found a transporter.
  9332 | D:10     | Noticed a tengu warrior
  9354 | D:10     | Noticed a two-headed ogre
  9357 | D:10     | Noticed a two-headed ogre
  9367 | D:10     | Found a transporter.
  9404 | D:10     | Found a flagged portal.
  9423 | Bailey   | Entered a bailey
  9675 | Bailey   | Noticed Grum
  9681 | Bailey   | Killed Grum
 10125 | D:10     | Noticed a two-headed ogre
 10129 | D:10     | Killed a two-headed ogre
 10142 | D:10     | Reached skill level 10 in Armour
 10429 | D:11     | Reached skill level 12 in Fighting
 10548 | D:11     | Found a frozen archway.
 10560 | IceCv    | Entered an ice cave
 10634 | IceCv    | Identified the +9 broad axe "Eggorrum" {flame, rElec rC+
                  | Str+3} (Trog gifted it to you in an ice cave)
 10634 | IceCv    | Received a gift from Trog
 10732 | IceCv    | Identified the -3 barding of Cuuzehan {Int+6 Dex-2}
 10815 | IceCv    | Reached XP level 12. HP: 112/112 MP: 11/11
 11076 | IceCv    | Noticed a reaper
 11100 | IceCv    | Killed a reaper
 11671 | D:11     | Noticed a two-headed ogre
 11675 | D:11     | Killed a two-headed ogre
 11926 | D:12     | Noticed a two-headed ogre
 11935 | D:12     | Killed a two-headed ogre
 11990 | D:12     | Found a snail-covered altar of Cheibriados.
 12164 | D:12     | Noticed a tengu warrior
 12175 | D:12     | Killed a tengu warrior
 12212 | D:12     | Noticed a minotaur
 12212 | D:12     | Noticed a two-headed ogre
 12212 | D:12     | Noticed cbfl8's ghost (journeyman MiBe)
 12288 | D:12     | Found a runed translucent gate.
 12288 | D:12     | Found a runed translucent gate.
 12288 | D:12     | Found a runed translucent gate.
 12330 | D:12     | Noticed a four-headed hydra
 12336 | D:12     | Killed a one-headed hydra
 12337 | D:12     | Reached skill level 13 in Fighting
 12388 | D:12     | You fall into a shaft and drop 1 floor!
 12648 | D:12     | Noticed a two-headed ogre
 12654 | D:12     | Killed a two-headed ogre
 13022 | D:13     | Noticed a centaur warrior
 13033 | D:13     | Killed a centaur warrior
 13033 | D:13     | Received a gift from Trog
 13139 | D:13     | Identified the ring "Ydwof" {Wiz Int+6}
 13152 | D:13     | Noticed a two-headed ogre
 13158 | D:13     | Killed a two-headed ogre
 13164 | D:13     | Found a gate to the Vaults.
 13164 | D:13     | Noticed a centaur warrior
 13164 | D:13     | Noticed a tengu warrior
 13164 | D:13     | Noticed a vault guard
 13164 | D:13     | Noticed a centaur warrior
 13164 | D:13     | Noticed a vault guard
 13164 | D:13     | Noticed a vault guard
 13164 | D:13     | Noticed a centaur warrior
 13164 | D:13     | Noticed a vault guard
 13164 | D:13     | Noticed a boulder beetle
 13172 | D:13     | Reached skill level 15 in Axes
 13175 | D:13     | Killed a vault guard
 13176 | D:13     | Killed a centaur warrior
 13178 | D:13     | Killed a centaur warrior
 13179 | D:13     | Reached skill level 1 in Stealth
 13257 | D:13     | Reached XP level 13. HP: 109/122 MP: 12/12
 13393 | D:13     | Reached skill level 14 in Fighting
 13520 | D:13     | Reached skill level 5 in Dodging
 13850 | D:14     | Found a broken altar of Ashenzari.
 14142 | D:14     | Found a runed translucent door.
 14555 | D:14     | Found a white marble altar of Elyvilon.
 14703 | D:15     | Entered Level 15 of the Dungeon
 16167 | D:15     | Found a staircase to the Depths.
 16167 | D:15     | Noticed a frost giant
 16176 | D:15     | Killed a frost giant
 16177 | D:15     | Reached skill level 15 in Fighting
 16565 | Orc:1    | Entered Level 1 of the Orcish Mines
 16616 | Orc:1    | Noticed Nergalle
 16623 | Orc:1    | Killed Nergalle
 16641 | Orc:1    | Noticed Erolcha
 16650 | Orc:1    | Killed Erolcha
 16651 | Orc:1    | Reached XP level 14. HP: 132/135 MP: 13/13
 16841 | Orc:2    | Entered Level 2 of the Orcish Mines
 16843 | Orc:2    | Received a gift from Trog
 17453 | Orc:1    | Found Conlil's Distillery.
 17842 | Orc:2    | Found a staircase to the Elven Halls.
 17897 | Orc:2    | Reached ****** piety under Trog
 17897 | Orc:2    | Paralysed by an orc sorcerer for 3 turns
 18071 | Orc:2    | Received a gift from Trog
 18085 | Orc:2    | Found Lilosenn's Distillery.
 18108 | Orc:2    | Found Romeot's Weapon Shop.
 18276 | Orc:2    | Bought a potion of heal wounds for 75 gold pieces
 18276 | Orc:2    | Bought a potion of heal wounds for 75 gold pieces
 18276 | Orc:2    | Bought a potion of curing for 45 gold pieces
 18377 | Orc:2    | Noticed an orc warlord
 18389 | Orc:2    | Killed an orc warlord
 18507 | Orc:2    | Noticed an orc warlord
 18678 | Orc:2    | Killed an orc warlord
 18819 | Orc:2    | Found Vabroto's Antique Weapon Shoppe.
 18838 | Orc:2    | Reached skill level 16 in Fighting
 18958 | Orc:2    | Found Fyroujit's Magic Scroll Emporium.
 19029 | Orc:2    | Bought a scroll of blinking for 112 gold pieces
 19029 | Orc:2    | Bought a scroll of identify for 30 gold pieces
 19096 | Orc:2    | Reached skill level 10 in Shields
 19437 | Lair:1   | Entered Level 1 of the Lair of Beasts
 20300 | Lair:2   | Received a gift from Trog
 20376 | Lair:2   | Reached skill level 10 in Evocations
 20766 | Lair:2   | Found a staircase to the Snake Pit.
 20964 | Lair:2   | Found a staircase to the Swamp.
 21127 | Lair:3   | Reached XP level 15. HP: 145/145 MP: 14/14
 22077 | Lair:4   | Noticed quixfox's ghost (journeyman HOFi)
 22083 | Lair:4   | Found a runed translucent gate.
 22116 | Lair:4   | Reached skill level 17 in Fighting
 22116 | Lair:4   | Received a gift from Trog
 22369 | Lair:4   | Found a runed translucent gate.
 22369 | Lair:4   | Found a runed translucent gate.
 22753 | Lair:4   | Killed quixfox's ghost
 23066 | Lair:5   | Reached skill level 18 in Fighting
 23066 | Lair:5   | Identified the +8 quarterstaff "Tamaur" {flame, +Blink
                  | rPois rN++ Int-2} (Trog gifted it to you on level 5 of the
                  | Lair of Beasts)
 23066 | Lair:5   | Received a gift from Trog
 23100 | Lair:5   | Identified the +0 ring mail "Fuethur" {+Inv MP+9 Int+8
                  | Slay-5}
 23427 | Lair:5   | You fall into a shaft and drop 1 floor!
 23427 | Lair:6   | Entered Level 6 of the Lair of Beasts
 23442 | Lair:6   | Noticed Nessos
 23460 | Lair:6   | Noticed Urug
 23469 | Lair:6   | Killed Urug
 23570 | Lair:6   | Found a viscous altar of Jiyva.
 23571 | Lair:6   | Found a staircase to the Slime Pits.
 23806 | Lair:6   | Identified the ring "Cetar" {Drain +Blink rN+ Will+ Int+7}
 23874 | Lair:6   | Killed Nessos
 24348 | Lair:6   | Noticed Kirke
 24354 | Lair:6   | Killed Kirke
 24355 | Lair:6   | Reached XP level 16. HP: 159/159 MP: 15/15
 24425 | Lair:6   | Received a gift from Trog
 24519 | Lair:6   | Reached skill level 19 in Fighting
 25401 | Swamp:1  | Entered Level 1 of the Swamp
 25427 | Swamp:1  | HP: 12/240 [acid (8)]
 25525 | Snake:1  | Entered Level 1 of the Snake Pit
 26198 | Snake:1  | Reached skill level 20 in Fighting
 26679 | Snake:1  | Found Rooboyz's Antique Weapon Shop.
 26684 | Snake:1  | Found Ymaocigh's Weapon Shop.
 27369 | Snake:2  | Killed from afar by a nagaraja

Illustrated notes

Levels and vault maps discovered:
D:1:      dpeg_arrival_signposts, layout_basic,
          shapermc_ecumenical_altar_rom_forum, bh_walls_and_bars
D:2:      layout_basic, serial_shops, shop, minmay_tree_intersection,
          grunt_ministairs_13, minmay_circle_x
D:3:      layout_basic
D:4:      layout_basic, minivault_27, kennysheep_pointless_box, uniq_grinder,
          uniq_pikel, uniq_robin, uniq_edmund
D:5:      layout_rooms, mainiacjoe_overflow_large_starburst,
          minmay_temple_entry_proselytizer, nicolae_ossuary_entry_monument,
          serial_shops, nicolae_shop_crystal, uniq_ijyb, uniq_crazy_yiuf_cottage
D:6:      layout_basic, nicolae_overflow_crystal_walls,
          gammafunk_ghost_nasty_kobolds, uniq_maggie, uniq_prince_ribbit1,
          uniq_sigmund
D:7:      layout_basic, nicolae_yredelemnul_corpse_copse,
          lemuel_coloured_pillars_altar, mainiacjoe_overflow_tiny_flanked,
          minitemple, uniq_menkaure
D:8:      layout_basic, mainiacjoe_overflow_six_doors_small, uniq_psyche
D:9:      layout_loops_ring, mainiacjoe_overflow_brackets,
          due_lair_maze_entry_diamond, orc_0_dummy, uniq_joseph, uniq_maurice,
          uniq_harold
D:10:     layout_loops_ring, enter_bailey_5, gammafunk_ghost_wrathful_warriors,
          minmay_quadrilaterals
D:11:     layout_basic, portal_ice_cave_entry_pillars_1
D:12:     layout_gridville, maelrawn_ghost_gauntlet_escape, slow_altar_1
D:13:     layout_long_grid, lightli_vaults_fourway_checkpoint, special_room
          [special_room_orc], minivault_20
D:14:     cheibrodos_shockbox, layout_loops_corners, serial_park_gazebo
          [serial_park_minivault_5x5_4]
D:15:     grunt_enter_depths_snipers, layout_irregular_city,
          minmay_misc_feat_hallway, due_unseen_surprise
Lair:1:   layout_regular_city, serial_bayou_shore_b, grunt_megastairs_5
Lair:2:   layout_gridlike, nicolae_swamp_entry_splash_gauntlet,
          minmay_snake_entry_guardpost_medium, dreamdust_deal_with_the_devil
Lair:3:   layout_chaotic_city, nzn_sisyphean_effort, lemuel_fruit_fields,
          grunt_megastairs_1, serial_bayou_shore_b, lemuel_fruit_fields
Lair:4:   layout_loops_ring, gammafunk_ghost_split, serial_bayou_shore_a
Lair:5:   layout_cellular_growth
Lair:6:   due_jungle_book, layout_loops_ring, slime_altar_1, uniq_urug,
          uniq_nessos, uniq_kirke
Swamp:1:  layout_basic_swamp, ebering_ghost_inner_flame,
          evilmike_swamp_ruin_wall, swamp_pool4, uniq_josephine
Snake:1:  layout_chambers, nrook_guardian_serpent_double, minmay_shop_star
Snake:2:  nicolae_cobra_stairs, layout_chambers, grunt_ministairs_4,
          lemuel_fruit_tree, grunt_megastairs_4
Orc:1:    layout_caves, serial_shops, nicolae_shop_trees, uniq_nergalle,
          uniq_erolcha
Orc:2:    pubby_orc_utopia

Skill      XL: |  1  2  3  4  5  6  7  8  9 10 11 12 13 14 15 16 |
---------------+-------------------------------------------------+-----
Axes           | 4 5 7 8 10 12 13 15 16 17 18 | 18.0
Fighting       | 4 5 6 7 8 9 10 12 13 15 16 18 20 | 20.0
Armour         | 3 4 5 6 7 8 9 10 11 12 13 14 | 14.3
Evocations     | 1 3 4 5 6 7 8 10 11 | 11.7
Dodging        | 3 4 5 6 7 |  7.1
Shields        | 2 4 6 7 9 10 11 13 | 13.1
Stealth        | 1 |  1.5
Unarmed Combat | |  0.4

Action                   |  1- 3 |  4- 6 |  7- 9 | 10-12 | 13-15 | 16-18 || total
-------------------------+-------+-------+-------+-------+-------+-------++-------
Melee: Hand axe          |    85 |   132 |   284 |       |       |       ||   501
       Headbutt          |    11 |    19 |    66 |   114 |   211 |    65 ||   486
       Punch             |     1 |     2 |       |       |       |       ||     3
       Broad axe         |       |       |    38 |   540 |   950 |   251 ||  1779
       Unarmed           |       |       |       |     8 |       |       ||     8
Invok: Berserk           |       |     2 |     4 |     8 |     8 |     4 ||    26
       Trog's Hand       |       |     1 |     1 |     4 |     2 |     2 ||    10
       Brothers in Arms  |       |       |       |       |     2 |     2 ||     4
 Abil: Evoke Blink       |       |       |       |       |       |     1 ||     1
  Use: Scroll            |       |       |     8 |     3 |    13 |       ||    24
       Potion            |       |       |       |     5 |     2 |     8 ||    15
Armor: Animal skin       |    12 |       |       |       |       |       ||    12
       Plate armour      |    42 |    10 |       |       |       |       ||    52
       Chain mail        |       |    67 |   174 |   416 |   536 |   173 ||  1366
Dodge: Dodged            |    40 |    53 |   103 |   206 |   317 |   114 ||   833
Block: Kite shield       |       |       |    59 |   368 |   538 |   169 ||  1134
